 Dungeon Crawl Stone Soup version 0.14-a0-1330-g3eed206 (webtiles) character file.

138 PolkaDot the Cutter (level 4, -2/34 HPs)
             Began as a Vampire Death Knight on Dec 6, 2013.
             Was a Believer of Yredelemnul.
             Slain by a scorpion (6 damage)
             ... on Level 3 of the Dungeon.
             The game lasted 00:05:37 (2141 turns).

PolkaDot the Cutter (Vampire Death Knight)          Turns: 2141, Time: 00:05:39

HP  -2/34        AC  2     Str 12      XL: 4   Next: 18%
MP   5/5         EV 13     Int 13      God: Yredelemnul [**....]
Gold 58          SH  0     Dex 14      Spells:  0 memorised,  3 levels left

rFire  . . .     SeeInvis +     a - +1 short sword
rCold  + . .     Clarity  .     i - +0 robe {rN+}
rNeg   + + +     Conserve .     (no shield)
rPois  +         rCorr    .     (no helmet)
rElec  .         rRot     +     (no cloak)
SustAb . .       Spirit   .     (no gloves)
rMut   .         Warding  .     (no boots)
Saprov . . .     Stasis   .     (no amulet)
                                (no ring)
                                (no ring)

@: regenerating slowly, very slightly contaminated, hasted, very quick, slightly
resistant to hostile enchantments, unstealthy
A: fangs 3, see invisible, unbreathing
a: Bat Form, Animate Remains, Recall Undead Slaves, Injury Mirror, Renounce
Religion


You were on level 3 of the Dungeon.
You worshipped Yredelemnul.
Yredelemnul was pleased with you.
You were very thirsty.

You visited 1 branch of the dungeon, and saw 3 of its levels.

You collected 58 gold pieces.

Inventory:

Hand weapons
 a - a +1,+1 short sword (weapon)
Armour
 b - a +0 leather armour
 i - a +0 robe of positive energy (worn)
Scrolls
 d - 3 scrolls of identify {unknown}
 f - 2 scrolls of remove curse {unknown}
 h - a scroll of teleportation {unknown}
 j - a scroll of curse armour {unknown}
 k - a scroll of noise {unknown}
 l - 2 scrolls of enchant armour {unknown}
 m - a scroll of magic mapping {unknown}
 n - a scroll of fear {unknown}
Potions
 c - a potion of heal wounds {unknown}
 e - a potion of magic {unknown}
 g - a potion of speed


   Skills:
 - Level 2.5 Fighting
 * Level 3.2 Short Blades
 + Level 0.7 Armour
 * Level 2.9 Dodging
 - Level 2.4 Invocations


You had 3 spell levels left.
You didn't know any spells.

Dungeon Overview and Level Annotations

Branches:
Dungeon (3/16)

Altars:


Innate Abilities, Weirdness & Mutations

You heal slowly.
You have razor-sharp teeth.*
You have supernaturally acute eyesight.
You can survive without breathing.*


Message History

Your hobgoblin zombie hits the scorpion but does no damage.
Your kobold zombie hits the scorpion but does no damage.
You are very lightly contaminated with residual magic.
You hit the scorpion but do no damage.
The scorpion is heavily wounded.
The ooze hits your kobold zombie. The scorpion closely misses you.
Your hobgoblin zombie hits the scorpion but does no damage.
You closely miss the scorpion.
The scorpion is heavily wounded.
Your kobold zombie barely misses the ooze.
You barely miss the scorpion.
The scorpion is heavily wounded.
The scorpion barely misses you.
You barely miss the scorpion.
The scorpion is heavily wounded.
Your kobold zombie hits the scorpion but does no damage.
Your hobgoblin zombie closely misses the scorpion.
The scorpion stings you.
You die...
Yredelemnul claims you as an undead slave.

###.#.######.#
#..........#.#
#..........#.#
#..........#.#
#..........#.#
#..........#.#
#..........#.#
#..........#.#
#.....@z...#.#
#....Jsz...#.#
#..........#.#
#####%#.######
#.#.# #.#.#
#.#.# #.#.#
#.#.#


You could see an ooze, a scorpion, a friendly hobgoblin zombie and a friendly
kobold zombie.

Vanquished Creatures
  2 adders (D:2)
  A giant mite (D:1)
  An ooze (D:1)
  7 bats
  2 giant cockroaches
  5 hobgoblins
  5 ball pythons
  A giant newt (D:2)
  6 goblins
  7 kobolds
  A quokka (D:2)
  3 rats
41 creatures vanquished.

Vanquished Creatures (collateral kills)
  An adder (D:2)
  An ooze (D:2)
  2 hobgoblins (D:2)
  2 bats (D:2)
6 creatures vanquished.

Vanquished Creatures (others)
  A kobold zombie (D:2)
  A rat zombie (D:3)
2 creatures vanquished.

Grand Total: 49 creatures vanquished

Notes
Turn   | Place    | Note
--------------------------------------------------------------
     0 | D:1      | PolkaDot, the Vampire Death Knight, began the quest for the Orb.
     0 | D:1      | Reached XP level 1. HP: 16/16 MP: 1/1
     3 | D:1      | Noticed a giant goldfish
     3 | D:1      | Noticed a giant goldfish
   411 | D:1      | Reached XP level 2. HP: 16/22 MP: 2/2
   821 | D:2      | Reached XP level 3. HP: 14/27 MP: 4/4
  1416 | D:2      | Reached skill level 3 in Short Blades
  1596 | D:2      | Acquired Yredelemnul's second power
  1756 | D:2      | Reached XP level 4. HP: 29/34 MP: 5/5
  2141 | D:3      | Slain by a scorpion

Action                   |  1- 3 |  4- 6 || total
-------------------------+-------+-------++-------
Melee: Short sword       |   143 |    35 ||   178
Invok: Animate Remains   |    11 |     4 ||    15
  Use: Potion            |     1 |     1 ||     2
 Stab: Distracted        |     1 |     1 ||     2
